 Seeded DCSS version 0.30-a0-141-g30f27751c5 (webtiles) character file.

Game seed: 20220920 (custom seed)

564 a11behringer the Chopper (level 7, -7/61 HPs)
             Began as a Minotaur Fighter on Sept 25, 2022.
             Mangled by Menkaure (9 damage)
             ... on level 4 of the Dungeon.
             The game lasted 00:07:53 (4187 turns).

a11behringer the Chopper (Minotaur Fighter)         Turns: 4187, Time: 00:07:54

Health: -7/61      AC:  8    Str: 29    XL:     7   Next: 10%
Magic:  6/6        EV:  9    Int:  5    God:
Gold:   378        SH: 10    Dex: 15    Spells: 6/6 levels left

rFire   . . .      SeeInvis .    a - +0 war axe
rCold   . . .      Faith    .    c - +0 buckler
rNeg    . . .      Spirit   .    b - +0 scale mail
rPois   .          Reflect  +    (helmet restricted)
rElec   .          Harm     .    (no cloak)
rCorr   .          Rampage  .    v - +0 pair of gloves
Will    .....                    (no boots)
Stlth   ..........               F - amulet of reflection
HPRegen 0.20/turn                E - +6 ring of strength
MPRegen 0.10/turn                z - +6 ring of dexterity

@: no status effects
A: horns 2, retaliatory headbutt
a: no special abilities


You were on level 4 of the Dungeon.
You visited 1 branch of the dungeon, and saw 4 of its levels.
You also visited: Ossuary.

You collected 378 gold pieces.

Inventory:

Hand Weapons
 a - a +0 war axe (weapon)
Missiles
 h - 2 throwing nets (quivered)
Armour
 b - a +0 scale mail (worn)
 c - a +0 buckler (worn)
 m - a +0 tower shield
 v - a +0 pair of gloves (worn)
Magical Staves
 u - a staff of air
 y - a staff of fire
Jewellery
 z - a +6 ring of dexterity (right hand)
 E - a +6 ring of strength (left hand)
 F - an amulet of reflection (around neck)
Wands
 n - a wand of digging (8)
 w - a wand of paralysis (3)
 x - a wand of mindburst (22)
Scrolls
 f - a scroll of summoning {unknown}
 i - a scroll of vulnerability {unknown}
 j - 2 scrolls of teleportation {unknown}
 k - 3 scrolls of amnesia {unknown}
 l - a scroll of torment {unknown}
 o - a scroll of enchant weapon {unknown}
 B - a scroll of blinking {unknown}
 C - a scroll of immolation {unknown}
 D - a scroll of brand weapon {unknown}
 G - a scroll of fog {unknown}
Potions
 d - 2 potions of heal wounds {unknown}
 e - a potion of curing
 g - 3 potions of flight
 p - a potion of attraction {unknown}
 q - 2 potions of brilliance {unknown}
 r - a potion of experience
 s - a potion of haste {unknown}
 t - 3 potions of lignification {unknown}
 A - 2 potions of magic {unknown}


   Skills:
 + Level 5.4 Fighting
 * Level 6.2 Axes
 + Level 5.4 Armour
 + Level 5.4 Shields


You had 6 spell levels left.
You didn't know any spells.
Your spell library contained the following spells:

 Spells                   Type           Power      Damage    Failure   Level
 Shock                    Conj/Air       0%         1d3       80%         1
 Call Canine Familiar     Summ           0%         N/A       99%         3
 Portal Projectile        Hex/Tloc       0%         N/A       99%         3
 Swiftness                Air            0%         N/A       99%         3
 Tukima's Dance           Hex            0%         N/A       99%         3
 Airstrike                Air            0%         2d(0-16)  100%        4
 Leda's Liquefaction      Hex/Erth       0%         N/A       100%        4
 Passage of Golubria      Tloc           0%         N/A       100%        4
 Yara's Violent Unravell  Hex/Tmut       0%         3d3       100%        5


Dungeon Overview and Level Annotations

Branches:
Dungeon (4/15)            Ossuary (visited)
 Temple: D:4-7

Altars:
Cheibriados
Kikubaaqudgha
Nemelex Xobeh

Shops:
D:3 (

Annotations:
D:4 Menkaure


Innate Abilities, Weirdness & Mutations

You have a pair of horns on your head.
You reflexively headbutt those who attack you in melee.


Message History

Things that are here:
a +0 dagger; an adder skeleton
There is a stone staircase leading up here.
k - 3 scrolls labelled KUCEYNW GICLOXT (gained 1)
There is a stone staircase leading up here.
G - a scroll labelled WIEMOE HIEDASO You open the gate.
Menkaure, Prince of Dust comes into view.
Menkaure shouts!
Menkaure moves out of view.
Found 16 gold pieces and 6 stones.
Menkaure and a kobold come into view.
The kobold shouts!
Menkaure calls on the powers of darkness!
The kobold convulses!
Your body is wracked with pain!
There is an open gate here.
There are monsters nearby!
A kobold is nearby!
Menkaure mumbles some strange words.
Menkaure seems to speed up.
The kobold barely misses you.
You closely miss the kobold. Your headbutt misses the kobold.
The kobold is moderately wounded.
Menkaure calls on the powers of darkness!
Your body is wracked with pain!
* * * LOW HITPOINT WARNING * * *
You block the kobold's attack.
You are too injured to fight recklessly!
You are too injured to fight recklessly!
You are too injured to fight recklessly!
You slash the kobold!
You kill the kobold!
You hit Menkaure. Your headbutt misses Menkaure.
Menkaure is lightly damaged.
Menkaure hits you!
* * * LOW HITPOINT WARNING * * *
You block Menkaure's attack.
You slash Menkaure!
Menkaure is heavily damaged.
Menkaure hits you!
You die...

.# #.#.##.##.####.# .###
#..###......##.# ...###
#.#.#####.#.##.#
.....#########.##.###.##.##.#####
...#...........###.#.###...÷.....
#### ########..# ##.## ####.#####
..# #..###### #.# ..#
######....### #.# ..#
#.......#@..# #.# ###
#.#######M''# #.# ♣.....♣ #.#
#.......$.# #.# #...........# #.#
#...♣♣♣.♣♣♣...# #.# M(.♣ ... ♣...
#.# ..♣ ### ♣.. ### .♣ ♣. ######


You could see Menkaure (fast).

Vanquished Creatures
  Edmund (D:4)
  An ogre (D:4)
  A necrophage (D:4)
  2 orc wizards (D:3)
  8 mummies (Ossuary)
  Robin (D:2)
  3 gnolls (D:3)
  3 adders
  A worm (D:2)
  2 dart slugs
  4 orcs (D:3)
  4 ball pythons
  3 bats
  7 endoplasms
  2 giant cockroaches
  4 gnoll zombies (Ossuary)
  11 goblins
  6 hobgoblins
  5 jackals (D:1)
  6 kobolds
  5 quokkas
  4 frilled lizards
  3 hobgoblin zombies (Ossuary)
  A kobold zombie (Ossuary)
  2 rats
90 creatures vanquished.

Vanquished Creatures (others)
  2 plants (D:3)
2 creatures vanquished.

Grand Total: 92 creatures vanquished

Notes
Turn   | Place    | Note
-------+----------+-------------------------------------------
     0 | D:1      | a11behringer the Minotaur Fighter began the quest for the
                  | Orb.
     0 | D:1      | Reached XP level 1. HP: 19/19 MP: 0/0
   177 | D:1      | Reached XP level 2. HP: 26/27 MP: 1/1
   419 | D:1      | Reached skill level 3 in Axes
   517 | D:1      | Found a faded altar of an unknown god.
  1264 | D:2      | Reached XP level 3. HP: 33/33 MP: 2/2
  1333 | D:2      | Noticed Robin
  1341 | D:2      | Killed Robin
  1923 | D:3      | Reached XP level 4. HP: 40/40 MP: 3/3
  2298 | D:3      | Reached skill level 4 in Axes
  2578 | D:3      | Found Agis Cia's Antique Weapon Boutique.
  2880 | D:3      | Reached XP level 5. HP: 47/47 MP: 4/4
  2959 | D:4      | Noticed Edmund
  2971 | D:4      | Killed Edmund
  2972 | D:4      | Reached skill level 5 in Axes
  2972 | D:4      | Reached XP level 6. HP: 6/55 MP: 5/5
  3251 | D:4      | Found a sand-covered staircase.
  3260 | Ossuary  | Entered an ossuary
  3278 | Ossuary  | Reached skill level 5 in Armour
  3278 | Ossuary  | Reached skill level 5 in Shields
  3288 | Ossuary  | Reached skill level 5 in Fighting
  3813 | D:4      | Reached skill level 6 in Axes
  3813 | D:4      | Reached XP level 7. HP: 54/60 MP: 6/6
  4063 | D:4      | Found a sparkling altar of Nemelex Xobeh.
  4065 | D:4      | Found an ancient bone altar of Kikubaaqudgha.
  4065 | D:4      | Found a snail-covered altar of Cheibriados.
  4175 | D:4      | Noticed Menkaure
  4186 | D:4      | HP: 1/61 [Menkaure (17)]
  4187 | D:4      | Mangled by Menkaure

Illustrated notes

Levels and vault maps discovered:
D:1:      dpeg_arrival_refuge, layout_basic, ebering_ecumenical_altar_rust,
          minmay_misc_feat_pillars
D:2:      layout_rooms, uniq_robin
D:3:      layout_loops_ring, serial_shops, nicolae_shop_overgrown_old_shop,
          grunt_ministairs_11
D:4:      layout_loops_ring, chequers_temple_overflow_statue_of_worship,
          lightli_ossuary_entry_decrepit_ruins, kennysheep_donut, uniq_edmund,
          uniq_menkaure

Skill      XL: |  1  2  3  4  5  6 |
---------------+-------------------+-----
Axes           | 3 4 5 6 |  6.2
Shields        | 4 5 |  5.4
Fighting       | 4 5 |  5.4
Armour         | 4 5 |  5.4

Action                   |  1- 3 |  4- 6 |  7- 9 || total
-------------------------+-------+-------+-------++-------
Melee: War axe           |    70 |   105 |    14 ||   189
       Headbutt          |     8 |    16 |     2 ||    26
  Use: Scroll            |     1 |     1 |       ||     2
       Potion            |       |     1 |       ||     1
Armor: Scale mail        |    22 |    35 |     2 ||    59
Dodge: Dodged            |    36 |    38 |     3 ||    77
Block: Buckler           |    14 |    21 |     4 ||    39

Table legend: (Time is in decaauts)
 A = Elapsed time spent in this place.
 B = Non-inter-level travel time spent in this place.
 C = Inter-level travel time spent in this place.
 D = Time resting spent in this place.
 E = Time spent auto-exploring this place.
 F = Levels seen in this place.
 G = Mean time per level.
                   A        B        C        D        E       F      G
               +--------+--------+--------+--------+--------+-----+--------+
         Total |   4246 |   4073 |    173 |      0 |   3549 |   5 |  849.2 |
       Dungeon |   3759 |   3586 |    173 |      0 |   3156 |   4 |  939.8 |
       Ossuary |    486 |    486 |      0 |      0 |    393 |   1 |  486.0 |
               +--------+--------+--------+--------+--------+-----+--------+

Top non-repeatable levels by time:
     D:1: 1273 daAuts
     D:3: 1051 daAuts
     D:4: 781 daAuts
     D:2: 653 daAuts
 Ossuary: 486 daAuts
